Map: King's Cove LE

Players

IIIIIIIIIIII

  • Race: Zerg Zerg
  • League: Platinum
  • Spawn Location: 11:00

llllllllllll - Winner!

  • Race: Terran Terran
  • League: Gold
  • Spawn Location: 5:00

VOD

Have the link to the VOD?

Description

Time

  • Played on: April 24, 2025, 10:48 a.m.
  • Length: 3:11
Show
View Real Time Build Order
Export as new Build Order

IIIIIIIIIIII Zerg 

Build Orders: Hatch First 

Get SALT Encoding   

  12  0:03  Drone  
  13  0:08  Drone  
  14  0:17  Overlord  
  14  0:36  Drone x3  
  17  0:48  Drone  
  18  0:58  Hatchery  
  18  1:01  Drone  
  18  1:15  Drone  
  19  1:21  Drone  
  19  1:23  Spawning Pool  
  19  1:41  Drone  
  19  1:42  Drone, Extractor  
  21  1:54  Drone  
  21  1:56  Extractor  
  20  2:12  Queen  
  20  2:15  Queen  
  24  2:16  Zergling x4  
  24  2:19  Drone  
  27  2:26  Drone  
  27  2:28  Overlord  
Show
View Real Time Build Order
Export as new Build Order

llllllllllll Terran - Winner!

Build Orders:  

Get SALT Encoding   

  12  0:00  SCV  
  13  0:12  SCV  
  14  0:20  Supply Depot  
  14  0:24  SCV  
  15  0:30  Refinery  
  15  0:46  Barracks  
  15  1:02  Barracks  
  15  1:23  Barracks  
  15  1:33  Reaper  
  16  1:40  Refinery  
  16  1:50  Reaper  
  17  2:08  Reaper  
  17  2:22  Reaper  
  18  2:26  Reaper  
  19  2:34  Supply Depot  
Tags
 
Matchup
TvZ
Replay Pack
kreditionep1
Spawn Locations
Cross Positions
Add a new tag
Caveats
  • Supply blocks, unpowered buildings, or Contaminate may cause inaccurate times.
  • Supply counts are checked every 10 seconds.